 Dungeon Crawl Stone Soup version 0.28-a0-1312-g71652a0310 (webtiles) character file.

Game seed: 16699323959694799985

58 Zonian the Ducker (level 4, 0/31 HPs)
             Began as a Djinni Hedge Wizard on Dec 28, 2021.
             Shot with an arrow by a centaur (11 damage)
             ... on level 3 of the Dungeon.
             The game lasted 00:04:52 (5803 turns).

Zonian the Ducker (Djinni Hedge Wizard)             Turns: 5803, Time: 00:04:53

Health: 0/31       AC:  2    Str:  9    XL:     4   Next: 20%
Gold:   41         EV: 13    Int: 17    God:
                   SH:  0    Dex: 13

rFire   + + .      SeeInvis .   a - +1 dagger
rCold   x . .      Faith    .   (no shield)
rNeg    . . .      Spirit   .   b - +0 robe
rPois   ∞          Reflect  .   c - +0 hat
rElec   .          Harm     .   (no cloak)
rCorr   .          Rampage  .   (no gloves)
Will    .....                   (boots unavailable)
Stlth   ++........              (no amulet)
HPRegen 0.10/turn               (no ring)
MPRegen 0.00/turn               (no ring)

@: flying, very slightly contaminated
A: sickness immunity, fire resistance 2, cold vulnerability 1, float, innate
caster, hp casting, extra vitality 1
a: no special abilities


You were on level 3 of the Dungeon.
You visited 1 branch of the dungeon, and saw 3 of its levels.

You collected 41 gold pieces.

Inventory:

Hand Weapons
 a - a +1 dagger (weapon)
Armour
 b - a +0 robe (worn)
 c - a +0 hat (worn)
 h - a +2 ring mail of poison resistance
Potions
 e - a potion of might


   Skills:
 + Level 3.1 Dodging
 + Level 2.4 Stealth
 + Level 2.9 Spellcasting


You couldn't memorise any spells.
You knew the following spells:

 Your Spells              Type           Power      Damage    Failure   Level
a - Magic Dart            Conj           48%        1d5       5%          1
b - Blink                 Tloc           24%        N/A       8%          2
c - Call Imp              Summ           12%        N/A       8%          2
d - Slow                  Hex            48%        N/A       5%          1
e - Conjure Flame         Conj/Fire      12%        6-21      16%         3
f - Mephitic Cloud        Conj/Pois/Air  12%        N/A       16%         3
g - Summon Small Mammal   Summ           48%        N/A       5%          1
Your spell library was empty.

Dungeon Overview and Level Annotations

Branches:
Dungeon (3/15)

Altars:


Innate Abilities, Weirdness & Mutations

You are immune to sickness and miasma.
You are immune to poison.
Your flesh is very heat resistant. (rF++)
You are vulnerable to cold. (rC-)
You float through the air rather than walking.
You learn spells naturally, not from books.
Your magical power is your life essence.
You have superior vitality. (+4 MHP)


Message History

You see here a +0 hand axe.
A giant cockroach comes into view.
A centaur comes into view.
Found a fizzy orange potion.
The magic dart hits the giant cockroach.
The giant cockroach is moderately wounded.
The giant cockroach bites you but does no damage.
The magic dart hits the giant cockroach.
The giant cockroach is severely wounded.
The giant cockroach bites you but does no damage.
The magic dart hits the giant cockroach.
You kill the giant cockroach!
The centaur shouts!
Unknown command.
The magic dart hits the centaur.
The centaur is lightly wounded.
The centaur wields a +0 shortbow.
The centaur shoots an arrow.
The arrow closely misses you.
The magic dart hits the centaur but does no damage.
The centaur is lightly wounded.
The centaur shoots an arrow.
The arrow hits you.
The magic dart hits the centaur.
The centaur is lightly wounded.
The centaur shoots an arrow.
The arrow barely misses you.
You miscast Magic Dart.
You are very lightly contaminated with residual magic.
Nothing appears to happen.
The centaur shoots an arrow.
The arrow hits you!
An adder comes into view.
Unknown command.
Casting: Magic Dart (safe; 5% risk of failure)
Confirm with . or Enter, or press ? or * to list all spells.
Okay, then.
You aren't carrying any items that you can evoke.
Unknown command.
Okay, then.
Blink to where?
Press: ? - help, Dir - move target, p - centaur
As you read the scroll of blinking, it crumbles to dust.
The centaur shoots an arrow.
The arrow hits you!
You die...

#S### #.#
#..!...##.##
.....c$...## #.
#.......##### #.#
#†§.......
#..#####..######
#...# #..#
#...###).##
#.......@# #.####...#
#.# ###....# #.#
#....# #÷## #....#
#..# #....#
###.#####....#
########............#
...............#..


You could see a centaur.

Vanquished Creatures
  An adder (D:2)
  A worm (D:2)
  3 dart slugs (D:1)
  6 endoplasms
  3 giant cockroaches
  6 hobgoblins
  3 jackals (D:2)
  A quokka (D:1)
  A ball python (D:1)
  6 bats
  A frilled lizard (D:2)
  6 rats
38 creatures vanquished.

Notes
Turn   | Place    | Note
-------+----------+-------------------------------------------
     0 | D:1      | Zonian the Djinni Hedge Wizard began the quest for the Orb.
     0 | D:1      | Reached XP level 1. HP: 15/15 MP: 0/0
   453 | D:1      | Reached XP level 2. HP: 10/21 MP: 0/0
  2551 | D:1      | Reached XP level 3. HP: 23/25 MP: 0/0
  2551 | D:1      | Learned a level 1 spell: Summon Small Mammal
  4099 | D:2      | Reached skill level 3 in Dodging
  4543 | D:2      | Reached XP level 4. HP: 23/31 MP: 0/0
  5794 | D:3      | Noticed a centaur
  5803 | D:3      | Shot with an arrow by a centaur

Illustrated notes

Levels and vault maps discovered:
D:1:      lightli_arrival_farm, layout_basic, serial_curves, eino_curves_04,
          eino_curves_02, eino_curves_01, eino_curves_03
D:2:      layout_loops_cross, minmay_misc_feat_rows
D:3:      layout_rooms, shapermc_ecumenical_altar_mp_urbaneastern

Skill      XL: |  1  2  3 |
---------------+----------+-----
Stealth        | 2 |  2.4
Dodging        | 3 |  3.1
Spellcasting   | |  2.9

Action                   |  1- 3 |  4- 6 || total
-------------------------+-------+-------++-------
Melee: Dagger            |    15 |     2 ||    17
 Cast: Magic Dart        |   102 |    22 ||   124
       Blink             |     3 |       ||     3
       Slow              |     1 |       ||     1
  Use: Scroll            |     4 |     4 ||     8
 Stab: Sleeping          |     1 |       ||     1
Armor: Robe              |    14 |     2 ||    16
Dodge: Dodged            |    37 |     5 ||    42

Table legend: (Time is in decaauts)
 A = Elapsed time spent in this place.
 B = Non-inter-level travel time spent in this place.
 C = Inter-level travel time spent in this place.
 D = Time resting spent in this place.
 E = Time spent auto-exploring this place.
 F = Levels seen in this place.
 G = Mean time per level.
                   A        B        C        D        E       F      G
               +--------+--------+--------+--------+--------+-----+--------+
         Total |   5802 |   5697 |    105 |   3866 |   1382 |   3 | 1934.0 |
       Dungeon |   5802 |   5697 |    105 |   3866 |   1382 |   3 | 1934.0 |
               +--------+--------+--------+--------+--------+-----+--------+

Top non-repeatable levels by time:
     D:1: 3307 daAuts
     D:2: 2249 daAuts
     D:3: 245 daAuts
